Cogmind - Beta 13 @@@ ROGUE MODE // 2024.04.07 @ 16:17:30 Player: gabr Result: Destroyed by G-47 Trooper with Particle Gun Performance ------------- Evolutions (2) 1000 Regions Visited (5) 1000 Robots Destroyed (68) 340 Value Destroyed (2058) 2058 Prototype IDs (2) 40 Alien Tech Used (0) 0 Bonus (1098) 1098 TOTAL SCORE: 5536 Bonus ------- Pacifist 200 High Alert Combat Kills 68 Follower Combat Kills 171 Entered Garrisons 200 Used RIF Installer 500 Friendly Fire -41 Cogmind --------- Core Integrity 0/550 Matter 300/300 Energy 92/100 System Corruption 4% Temperature Hot (274) Movement Walking (190) Ox1 Location -8/Garrison Parts ------- > --- POWER (1) -------- (None) > --- PROPULSION (4) --- Aluminum Leg Aluminum Leg > --- UTILITY (4) ------ Medium Storage Unit > --- WEAPON (2) ------- Particle Gun Improved Medium Laser > --- INVENTORY (10) --- Deuterium Engine Deuterium Engine Light Nuclear Core Medium Storage Unit Shock Rifle Peak State ------------ > --- POWER ------------ Light Nuclear Core > --- PROPULSION ------- Aluminum Leg Carbon-fiber Leg Wheel Combat Airjet > --- UTILITY ---------- Improved Heat Sink Improved Heat Sink Medium Storage Unit Power Shielding > --- WEAPON ----------- Advanced Beam Cannon Advanced Beam Cannon > --- INVENTORY -------- Light Ion Engine Light Nuclear Core Medium Storage Unit Advanced Weight Redist. System Propulsion Shielding Shock Rifle Improved Medium Laser Improved Medium Laser Assault Rifle Rocket Launcher [Rating: 29] Favorites ----------- Power Light Ion Engine Engine Light Ion Engine Power Core Light Nuclear Core Propulsion Aluminum Leg Leg Aluminum Leg Wheel Armored Wheel Hover Unit Combat Airjet Flight Unit VTOL Module Utility Medium Storage Unit Device Improved Heat Sink Storage Medium Storage Unit Protection Power Shielding Weapon Improved Medium Laser Energy Gun Improved Medium Laser Energy Cannon Advanced Beam Cannon Ballistic Gun Assault Rifle Ballistic Cannon Light Cannon Launcher Rocket Launcher Build | -11 -10 -9 -8 -8 -8 ------- Run | Yrd Mat Mat Mat Sto Gar Slots Evolved 4 | . . 2 2 . . Power . | . . . . . . Propulsion 2 | . . 2 . . . Utility 2 | . . . 2 . . Weapon . | . . . . . . Parts Attached 84 | 6 4 20 21 17 16 Power 8 | 1 . 3 2 1 1 Engine 6 | 1 . 3 . 1 1 Core 2 | . . . 2 . . Reactor . | . . . . . . Propulsion 40 | 2 2 8 10 12 6 Treads . | . . . . . . Leg 18 | . . 2 9 3 4 Wheel 17 | 2 2 4 . 8 1 Hover 1 | . . . . 1 . Flight 4 | . . 2 1 . 1 Utility 15 | 1 2 1 7 2 2 Device 6 | . . . 3 1 2 Storage 2 | 1 1 . . . . Processor . | . . . . . . Hackware . | . . . . . . Protection 7 | . 1 1 4 1 . Artifact . | . . . . . . Weapon 21 | 2 . 8 2 2 7 Energy Gun 12 | 1 . 4 2 . 5 Energy Cannon 4 | . . 2 . 2 . Ballistic Gun 2 | 1 . . . . 1 Ballistic Cannon 2 | . . 2 . . . Launcher 1 | . . . . . 1 Special Weapon . | . . . . . . Impact Weapon . | . . . . . . Slashing Weapon . | . . . . . . Piercing Weapon . | . . . . . . Special Melee Weapon . | . . . . . . Unidentified Prototypes 2 | . . 2 . . . Corrupted Parts 2 | . . . 2 . . System Corruption 4 | . . . 4 . . Parts Lost 23 | . . 1 6 3 13 Power 2 | . . 1 . . 1 Propulsion 10 | . . . 3 2 5 Utility 8 | . . . 3 1 4 Weapon 3 | . . . . . 3 Highest Loss Streak 7 | . . 1 3 2 7 To Critical Strikes . | . . . . . . Average Slot Usage (%) 91 | . 88 92 95 96 85 Engine 7 | . 14 10 1 3 9 Core 1 | . . . 7 5 . Leg 15 | . . 6 31 12 19 Wheel 12 | . 28 17 . 21 7 Flight 5 | . . 13 2 . . Device 7 | . . . 9 14 13 Storage 9 | . 14 11 9 9 9 Protection 10 | . 2 11 15 10 9 Energy Gun 12 | . 14 12 18 1 12 Energy Cannon 3 | . . 1 . 16 4 Ballistic Cannon 3 | . . 7 . . . Naked Turns . | . . . . . . Heaviest Build 30 | 11 17 24 27 30 30 Greatest Support 49 | 20 24 48 49 46 40 Greatest Overweight (x) 9 | . . 4 . 2 9 Average Overweight (x) . | . . . . . . Largest Inventory Capacity 10 | 8 10 10 10 10 10 Average Capacity 9 | 7 9 10 10 10 10 Most Carried 10 | 6 10 10 10 10 10 Average Carried 9 | 3 8 9 9 9 8 Final Capacity 10 | 8 10 10 10 10 10 Final Carried 10 | 6 10 10 10 9 5 Class Distribution -------------------- 52% | Mutant 43% | Scavenger-Mutant 3% | Commander-Mutant Dominant Class ---------------- Mutant | -10/Materials Mutant | -9/Materials Scavenger-Mutant | -8/Materials Scavenger-Mutant | -8/Storage Scavenger-Mutant | -8/Garrison Resources | -11 -10 -9 -8 -8 -8 ----------- Run | Yrd Mat Mat Mat Sto Gar Matter Collected 1553 | 214 . 694 181 188 276 Remotely . | . . . . . . Salvage Created 2473 | . . 909 756 368 440 Parts 135 | . . 55 39 23 18 Haulers Intercepted 5 | . . 4 . 1 . Recyclers Shooed 7 | . . 5 . 2 . Parts Field Recycled . | . . . . . . Retrieved Matter . | . . . . . . Parts Self-Destructed . | . . . . . . Prevented . | . . . . . . Kills | -11 -10 -9 -8 -8 -8 ------- Run | Yrd Mat Mat Mat Sto Gar Combat Hostiles Destroyed 52 | . . 22 13 6 11 Guns 20 | . . 3 13 . 4 Cannons 30 | . . 19 . 6 5 AOE 1 | . . . . . 1 Classes Destroyed 9 | . . 7 1 1 . Builder 5 | . . 1 1 3 . Hauler 5 | . . 4 . 1 . Recycler 6 | . . 4 1 1 . Swarmer 19 | . . 13 . 3 3 Grunt 21 | . . 4 9 . 8 Brawler 2 | . . . 1 1 . Duelist 3 | . . 1 1 1 . Sentry 6 | . . 4 2 . . Demolisher 1 | . . . . 1 . Best Kill Streak 6 | . . 6 4 4 4 Combat Bots Only 6 | . . 6 4 3 4 Max Kills in Single Turn 2 | . . 1 2 2 1 Gunslinging . | . . . . . . Exploded 1 | . . . . . 1 Melee . | . . . . . . Uniques/NPCs Destroyed . | . . . . . . Combat | -11 -10 -9 -8 -8 -8 -------- Run | Yrd Mat Mat Mat Sto Gar Hostile Shots Fired 295 | . . 106 73 10 106 Missed 71 | . . 36 16 2 17 Damage Taken 3314 | . 27 694 980 250 1363 Core 693 | . 5 134 181 56 317 Absorbed by Shields . | . . . . . . Redirected to Shielding 203 | . . 70 72 21 40 Core Remaining (%) 88 | 100 98 66 . . . Volleys Fired 247 | . . 91 47 22 87 Largest 2 | . . 2 2 2 2 Hottest 136 | . . 136 112 136 136 Shots Fired 471 | . . 182 87 45 157 Gun 262 | . . 72 87 1 102 Cannon 208 | . . 110 . 44 54 Launcher 1 | . . . . . 1 Special . | . . . . . . Kinetic 109 | . . 102 . . 7 Thermal 337 | . . 80 63 45 149 Explosive 1 | . . . . . 1 Electromagnetic 24 | . . . 24 . . Robot Hit Streak 12 | . . 8 11 12 5 Robot Miss Streak 4 | . . 4 3 4 4 Penetration Max . | . . . . . . Secondary Targets 4 | . . . 3 . 1 Max Gunslinging Chain 1 | . . . 1 . 1 Shots Hit Robots 237 | . . 104 61 22 50 Core Hits 105 | . . 39 31 12 23 Critical Kills 2 | . . . . 1 1 Critical Parts Destroyed . | . . . . . . Critical Strikes 15 | . . 9 3 1 2 Burn 9 | . . 5 3 . 1 Meltdown 2 | . . . . 1 1 Blast 4 | . . 4 . . . Melee Attacks . | . . . . . . Impact . | . . . . . . Slashing . | . . . . . . Piercing . | . . . . . . Sneak Attacks . | . . . . . . Combat Hostiles . | . . . . . . Follow-up Attacks . | . . . . . . Damage Inflicted 4448 | . . 1743 1211 538 956 Guns 2113 | . . 631 1064 . 418 Cannons 2147 | . . 1112 . 538 497 Explosions 188 | . . . 147 . 41 Melee . | . . . . . . Ramming . | . . . . . . Kinetic 1045 | . . 1009 . . 36 Thermal 2991 | . . 734 840 538 879 Explosive 89 | . . . 48 . 41 Electromagnetic 323 | . . . 323 . . Impact . | . . . . . . Slashing . | . . . . . . Piercing . | . . . . . . Highest Corruption 4 | . 1 . 4 4 4 Average Corruption 3 | . 1 . 2 4 4 Corruption Purged . | . . . . . . Corruption Blocked . | . . . . . . Effects 24 | . . . . 6 18 Message Errors 3 | . . . . . 3 Matter Fused 10 | . . . . 3 7 Heat Flow Errors 2 | . . . . . 2 Energy Discharges 3 | . . . . . 3 Parts Rejected 1 | . . . . 1 . Data Loss (major) 1 | . . . . 1 . Misfires 3 | . . . . 1 2 Weapon Failures 1 | . . . . . 1 Overload Shots . | . . . . . . Overflow Damage 28 | . . 15 13 . . Projectiles 15 | . . 15 . . . Explosions 13 | . . . 13 . . Melee . | . . . . . . Knockbacks 3 | . . 3 . . . Impact . | . . . . . . Kinetic 3 | . . 3 . . . Secondary . | . . . . . . Self-Inflicted Damage 98 | . . . 87 . 11 Shots 2 | . . . 1 . 1 Rammed . | . . . . . . Targets Rammed . | . . . . . . Kicked . | . . . . . . Crushed . | . . . . . . Highest Temperature 825 | . . 180 345 60 825 Average Temperature 150 | . . 58 96 23 320 Received Heat Transfer 1320 | . . 114 459 . 747 Effects 34 | . . . . . 34 Shutdowns 5 | . . . . . 5 Energy Bleed 9 | . . . . . 9 Interference 5 | . . . . . 5 Matter Decay 2 | . . . . . 2 Short Circuit 6 | . . . . . 6 Damage (minor) 3 | . . . . . 3 Damage (major) 3 | . . . . . 3 Damage (core) 1 | . . . . . 1 Siege Activations . | . . . . . . Robots Corrupted . | . . . . . . Combat Hostiles . | . . . . . . Parts Fried 2 | . . . 2 . . Impact Corruptions . | . . . . . . Robots Melted 3 | . . 1 . 1 1 Combat Hostiles 1 | . . . . . 1 Parts Melted 13 | . . 6 1 3 3 Heat Transferred 6693 | . . 2220 1950 962 1561 Parts Sabotaged . | . . . . . . Parts Stolen . | . . . . . . Parts Stripped . | . . . . . . Power Chain Reactions 2 | . . . 2 . . Alert | -11 -10 -9 -8 -8 -8 ------- Run | Yrd Mat Mat Mat Sto Gar Peak Influence 541 | . . 479 520 395 541 Initial 219 | . . . 163 166 219 Average 332 | . . 326 346 283 424 Maximum Alert Level 2 | . . 2 2 1 2 Low Security (%) 14 | 100 100 14 12 9 . Level 1 49 | . . 46 61 90 38 Level 2 36 | . . 39 25 . 61 Level 3 . | . . . . . . Level 4 . | . . . . . . Level 5 . | . . . . . . High Security . | . . . . . . Max Security . | . . . . . . Squads Dispatched 7 | . . 2 1 4 . Investigation 1 | . . . . 1 . Extermination . | . . . . . . Reinforcement 3 | . . 2 1 . . Assault . | . . . . . . Garrison 3 | . . . . 3 . Intercept . | . . . . . . Searches Triggered . | . . . . . . Construction Impeded . | . . . . . . Haulers Reinforced . | . . . . . . Active Scanning Responses . | . . . . . . Cargo Convoy Interrupts . | . . . . . . Stealth | -11 -10 -9 -8 -8 -8 --------- Run | Yrd Mat Mat Mat Sto Gar Distress Signals 7 | . . 5 2 . . Communications Jammed . | . . . . . . Distress Signals . | . . . . . . Times Spotted 80 | . . 37 20 11 12 Peak Tracking Total 6 | . . 6 6 4 4 Tactical Retreats 3 | . . 1 2 . . Traps | -11 -10 -9 -8 -8 -8 ------- Run | Yrd Mat Mat Mat Sto Gar Traps Triggered 3 | . 1 . . 1 1 Indirectly . | . . . . . . Trap Hack Attempts . | . . . . . . Triggered . | . . . . . . Disarmed . | . . . . . . Reprogrammed . | . . . . . . Reused 1 | . . . . . 1 Traps Extracted . | . . . . . . Installed 3 | . . . . . 3 Triggered 1 | . . . . . 1 Most Traps Carried 3 | . . . . . 3 Machines | -11 -10 -9 -8 -8 -8 ---------- Run | Yrd Mat Mat Mat Sto Gar Machines Disabled 13 | . . 3 4 . 6 Max in Single Turn 4 | . . 1 4 . 1 Garrison Relay 1 | . . . . . 1 Machines Repaired . | . . . . . . Machines Dismantled . | . . . . . . Machines Sabotaged . | . . . . . . Overloaded Fab Kills . | . . . . . . Hacking | -11 -10 -9 -8 -8 -8 --------- Run | Yrd Mat Mat Mat Sto Gar Machines Accessed 7 | . . 2 2 3 . Terminals 3 | . . 1 1 1 . Fabricators . | . . . . . . Repair Stations . | . . . . . . Recycling Units 3 | . . 1 1 1 . Scanalyzers . | . . . . . . Garrison Access 1 | . . . . 1 . Total Hacks 8 | . . 2 2 4 . Successful 5 | . . 1 2 2 . Failed 3 | . . 1 . 2 . Catastrophic 1 | . . 1 . . . Database Lockouts . | . . . . . . Manual 4 | . . 1 1 2 . Terminals 4 | . . 1 1 2 . Fabricators . | . . . . . . Repair Stations . | . . . . . . Recycling Units 3 | . . 1 1 1 . Scanalyzers . | . . . . . . Garrison Access 1 | . . . . 1 . Terminal Hacks 1 | . . . 1 . . Branch Access Points 1 | . . . 1 . . Fabricator Hacks . | . . . . . . Repair Station Hacks . | . . . . . . Recycling Unit Hacks 3 | . . 1 1 1 . Retrieve Components 3 | . . 1 1 1 . Scanalyzer . | . . . . . . Garrison Access Hacks 1 | . . . . 1 . Unlock Access 1 | . . . . 1 . Unauthorized Hacks . | . . . . . . Terminals . | . . . . . . Fabricators . | . . . . . . Repair Stations . | . . . . . . Recycling Units . | . . . . . . Scanalyzers . | . . . . . . Garrison Access . | . . . . . . Data Cores Recovered . | . . . . . . Used . | . . . . . . Hacking Detections 3 | . . 1 . 2 . Full Trace Events . | . . . . . . Feedback Events . | . . . . . . Feedback Blocked . | . . . . . . Robot Schematics Acquired . | . . . . . . Robots Built . | . . . . . . Authchips . | . . . . . . Time . | . . . . . . Total Robot Build Rating . | . . . . . . Part Schematics Acquired . | . . . . . . Parts Built . | . . . . . . Authchips . | . . . . . . Time . | . . . . . . Total Part Build Rating . | . . . . . . Parts Repaired . | . . . . . . Time . | . . . . . . Parts Recycled . | . . . . . . Recycled Matter . | . . . . . . Retrieved Matter . | . . . . . . Retrieved Components 16 | . . 9 1 6 . Parts Scanalyzed . | . . . . . . Part Schematics Acquired . | . . . . . . Parts Damaged . | . . . . . . Bothacking | -11 -10 -9 -8 -8 -8 ------------ Run | Yrd Mat Mat Mat Sto Gar Used RIF Installer 1 | . . . . . 1 Robots Hacked . | . . . . . . Non-combat . | . . . . . . Combat . | . . . . . . Robot Hacks Applied . | . . . . . . Relay Couplers Released 5 | . . . . . 5 Machine Destruction 5 | . . . . . 5 Fabnet Peak Effective % . | . . . . . . Robots Rewired . | . . . . . . Allies Hacked . | . . . . . . Hacks Repelled . | . . . . . . Allies | -11 -10 -9 -8 -8 -8 -------- Run | Yrd Mat Mat Mat Sto Gar Total Allies 10 | . . . . 10 . Largest Group 10 | . . . . 10 . Highest-Rated Group 173 | . . . . 173 . Highest-Rated Ally 29 | . . . . 29 . Total Orders . | . . . . . . Ally Attacks 52 | . . . . 52 . Total Damage 614 | . . . . 614 . Kills 5 | . . . . 5 . Allies Corrupted . | . . . . . . Allies Melted . | . . . . . . Intel | -11 -10 -9 -8 -8 -8 ------- Run | Yrd Mat Mat Mat Sto Gar Robot Analysis Total . | . . . . . . Derelict Logs Recovered . | . . . . . . Drone Launches . | . . . . . . Drone Recoveries . | . . . . . . Exploration | -11 -10 -9 -8 -8 -8 ------------- Run | Yrd Mat Mat Mat Sto Gar Turns Passed 2905 | 68 93 1133 502 337 772 Spaces Moved 1596 | 59 95 648 261 231 302 Core 5 | 1 . . . . 4 Treads . | . . . . . . Legs 781 | . . 219 261 68 233 Wheels 665 | 58 95 288 . 159 65 Hover 4 | . . . . 4 . Flight 141 | . . 141 . . . Fastest Speed 50 | 50 80 90 120 80 80 Average Speed 116 | 79 86 122 120 100 126 Slowest Speed 500 | 80 90 365 120 245 500 Overloaded Moves . | . . . . . . Propulsion Burnouts . | . . . . . . Robots Hopped . | . . . . . . Cave-ins Triggered . | . . . . . . Exploration Rate (%) 22 | 3 19 41 25 18 31 Regions Visited 5 Branch Regions 1 Pre-discovered Areas . | . . . . . . Known Exits Taken 2 | . . . 1 1 . Unknown Exits Taken 3 | 1 1 1 . . . Scrap Searched . | . . . . . . Spaces Dug . | . . . . . . Terrain Destroyed 24 | . . . 12 2 10 Melee . | . . . . . . Projectile 2 | . . . . 2 . AOE 22 | . . . 12 . 10 Terrain Rammed . | . . . . . . Walls Destroyed . | . . . . . . Machines Disabled . | . . . . . . Actions | -11 -10 -9 -8 -8 -8 --------- Run | Yrd Mat Mat Mat Sto Gar Total 2194 | 76 108 810 364 299 537 Wait 162 | 6 . 15 21 7 113 Move 1591 | 58 94 647 260 230 302 Hop . | . . . . . . Pick Up 33 | 6 5 10 3 5 4 Fast Attach 52 | 6 2 14 11 11 8 Attach 12 | . . 4 3 1 4 Detach 7 | . 1 4 . 1 1 Swap 20 | . 2 2 7 5 4 Drop 67 | . 4 23 12 17 11 Fire 247 | . . 91 47 22 87 Melee . | . . . . . . Ram . | . . . . . . Kick . | . . . . . . Crush . | . . . . . . Escape Stasis . | . . . . . . Rewire . | . . . . . . Trap 3 | . . . . . 3 Miscellaneous . | . . . . . . Route ------- -11/Scrapyard -10/Materials -9/Materials (discovered 2 exits: *Mat / [*Min]) -8/Materials (discovered 2 exits: [*Fac] / *Sto) -8/Storage -8/Garrison History --------- Turn | Location | Event 8 | -11/Scrapyard | Discovered new exit (range 15) 69 | -11/Scrapyard | Entered Materials 152 | -10/Materials | Discovered new exit (range 11) 162 | -10/Materials | Entered another Materials area 162 | -9/Materials | Evolved 2 slots: Propulsion x2 303 | -9/Materials | Build established: Mutant 450 | -9/Materials | Discovered new exit (range 13) 1275 | -9/Materials | Discovered new exit (range 16) 1295 | -9/Materials | Entered another Materials area 1295 | -8/Materials | Evolved 2 slots: Utility x2 1522 | -8/Materials | Identified exit to Storage 1610 | -8/Materials | Lost 3 parts (2n1u) 1733 | -8/Materials | Discovered new exit (range 10) 1797 | -8/Materials | Entered Storage 1807 | -8/Storage | Assisted by bots powering up and referring to "LRC-V3" 1834 | -8/Storage | Garrison activated, responded to threat 1904 | -8/Storage | Lost 10 allies 2134 | -8/Storage | Identified exit to Garrison 2134 | -8/Storage | Entered Garrison 2142 | -8/Garrison | Installed Relay Interface Framework 2227 | -8/Garrison | Core integrity fell below 50% 2295 | -8/Garrison | Core integrity fell below 20% 2304 | -8/Garrison | Lost 4 parts (2n1u1w) 2386 | -8/Garrison | Triggered checkpoint 2429 | -8/Garrison | Garrison Relay disabled 2624 | -8/Garrison | Build established: Scavenger-Mutant 2724 | -8/Garrison | Triggered checkpoint 2828 | -8/Garrison | Triggered checkpoint 2906 | -8/Garrison | Destroyed by G-47 Trooper with Particle Gun Last Messages --------------- 02828_ Critical hit (Burn: +37). 02862_ Adv. Heat Sink destroyed. 02862_ Critical hit (Burn: +37). 02868_ The unstable cave ceiling collapses. 02872_ Hvy. Laser destroyed. 02874_ G-47 Trooper destroyed. 02874_ Switching to secondary target: G-47 Trooper. 02880_ G-47 Trooper destroyed. 02892_ Hvy. Laser destroyed. 02896_ Overheating: Energy bleed (-27). 02897_ Aluminum Leg broken. 02897_ Overheating: Short circuit. 02899_ G-47 Trooper suffers critical hit (Burn). 02900_ Aluminum Leg destroyed. 02901_ Overheating: System interference. 02901_ Particle Gun temporarily disabled. 02902_ Power Shielding destroyed. 02902_ Lgt. Angular Momentum Engine destroyed. 02904_ Imp. Heat Sink destroyed. 02906_ B4P2DAW